 Dungeon Crawl Stone Soup version 0.30-a0-634-g8abc85282e (webtiles) character file.

Game seed: 6069193621955713620

88 Leeroy the Slasher (level 4, -4/26 HPs)
             Began as a Tengu Warper on Jan 14, 2023.
             Slain by a gnoll
             ... wielding a +0 spear
              (7 damage)
             ... on level 3 of the Dungeon.
             The game lasted 00:02:51 (1716 turns).

Leeroy the Slasher (Tengu Warper)                   Turns: 1716, Time: 00:02:51

Health: -4/26      AC:  6    Str: 16    XL:     4   Next: 53%
Magic:  8/8        EV: 10    Int: 13    God:
Gold:   113        SH:  0    Dex: 15    Spells: 2/7 levels left

rFire   + . .      SeeInvis .    a - +0 falchion
rCold   + . .      Faith    .    (no shield)
rNeg    . . .      Spirit   .    i - +0 scale mail of Dithmenos {rElec rCorr Str+4}
rPois   .          Reflect  .    (helmet restricted)
rElec   +          Harm     .    o - scarf {rC+ rF+}
rCorr   +          Rampage  .    (no gloves)
Will    .....                    (boots unavailable) Stlth
                                 (no amulet)
HPRegen 0.24/turn                (no ring)
MPRegen 0.11/turn                (no ring)

@: no status effects
A: beak, talons 3
a: no special abilities


You were on level 3 of the Dungeon.
You visited 1 branch of the dungeon, and saw 3 of its levels.

You collected 113 gold pieces.

Inventory:

Hand Weapons
 a - a +0 falchion (weapon)
Missiles
 d - 7 boomerangs of dispersal (quivered)
Armour
 b - a +0 leather armour
 i - the +0 scale mail of Dithmenos (worn) {rElec rCorr Str+4}
   (You found it on level 2 of the Dungeon)

   Str:       It affects your strength (+4).
   rElec:     It insulates you from electricity.
   rCorr:     It protects you from acid and corrosion.
 l - a +1 leather armour of poison resistance
 o - a scarf of resistance (worn)
 q - a +1 leather armour of fire resistance
Jewellery
 k - an amulet of magic regeneration
Scrolls
 c - 2 scrolls of blinking
 e - 2 scrolls of fog {unknown}
 f - a scroll of identify {unknown}
 h - a scroll of enchant weapon {unknown}
 j - a scroll of noise {unknown}
 m - 3 scrolls of teleportation {unknown}
 n - a scroll of brand weapon {unknown}
Potions
 g - 2 potions of ambrosia {unknown}
 p - a potion of heal wounds {unknown}


   Skills:
 - Level 2.0 Fighting
 + Level 4.6 Long Blades
 - Level 1.0 Throwing
 - Level 1.1 Armour
 - Level 2.1 Dodging
 - Level 2.0 Spellcasting
 - Level 2.4 Translocations
 * Level 2.1 Air Magic


You had 2 spell levels left.
You knew the following spells:

 Your Spells              Type           Power      Damage    Failure   Level
a - Blink                 Tloc           14%        N/A       47%         2
b - Vhi's Electric Charg  Tloc/Air       14%        N/A       73%         3

Your spell library contained the following spells:

 Spells                   Type           Power      Damage    Failure   Level
 Lesser Beckoning         Tloc           14%        N/A       71%         3
 Teleport Other           Tloc           7%         N/A       71%         3
 Manifold Assault         Tloc           7%         N/A       98%         4


Dungeon Overview and Level Annotations

Branches:
Dungeon (3/15)

Altars:

Shops:
D:1 !   D:3 [


Innate Abilities, Weirdness & Mutations

You have a beak for a mouth.
You have claws for feet.


Message History

You closely miss the goblin.
The goblin is moderately wounded.
You hit the goblin.
You kill the goblin!
No target in view!
No target in view!
No target in view!
No target in view!
You now have 113 gold pieces (gained 12).
Things that are here:
a +0 dagger; a +0 sling; a goblin corpse
Things that are here:
a +0 dagger; a +0 sling; a goblin corpse
There is an escape hatch in the floor here.
There is a stone staircase leading up here.
Found a stone staircase leading down.
There is a stone staircase leading down here.
You see here a +1 leather armour of fire resistance.
There is a stone staircase leading up here.
Done exploring.
You see here a +1 leather armour of fire resistance.
q - a +1 leather armour of fire resistance
There is a stone staircase leading down here.
There is a stone staircase leading down here.
You climb downwards.
The gnoll shouts! x4
Found 12 gold pieces.
Found Ohaixt's Antique Armour Shoppe.
There is a stone staircase leading up here.
There are monsters nearby!
Casting: Blink (quite dangerous; 47% risk of failure)
Confirm with . or Enter, or press ? or * to list all spells.
Okay, then.
The gnoll barely misses you.
The gnoll hits you from afar with a +0 spear!
The gnoll hits you from afar with a +0 halberd! x2
* * * LOW HITPOINT WARNING * * *
The gnoll hits you from afar with a +0 spear.
* * * LOW HITPOINT WARNING * * *
The gnoll hits you from afar with a +0 spear!
You die...

#### ####...
.#..#g.$.###.#
.....g.@.....#
.#.##..⌠.⌠####
#.gg∩.#
#..⌠.⌠#
#######


You could see 4 gnolls.

Vanquished Creatures
  3 adders (D:2)
  A worm (D:2)
  2 dart slugs (D:1)
  4 endoplasms
  2 giant cockroaches
  5 goblins
  10 hobgoblins
  A quokka (D:2)
  6 ball pythons
  4 bats
  3 frilled lizards (D:1)
  8 kobolds
  2 rats
51 creatures vanquished.

Notes
Turn   | Place    | Note
-------+----------+-------------------------------------------
     0 | D:1      | Leeroy the Tengu Warper began the quest for the Orb.
     0 | D:1      | Reached XP level 1. HP: 12/12 MP: 4/4
    29 | D:1      | Reached XP level 2. HP: 16/17 MP: 6/6
    30 | D:1      | Reached skill level 3 in Long Blades
    34 | D:1      | Learned a level 2 spell: Blink
   180 | D:1      | Reached XP level 3. HP: 21/21 MP: 7/7
   184 | D:1      | Learned a level 3 spell: Vhi's Electric Charge
   341 | D:1      | Found Jymeg's Distillery.
   366 | D:1      | Reached skill level 4 in Long Blades
   512 | D:1      | Reached skill level 1 in Air Magic
  1010 | D:2      | Identified the +0 scale mail of Dithmenos {rElec rCorr
                  | Str+4}
  1198 | D:2      | Reached XP level 4. HP: 26/26 MP: 8/8
  1714 | D:3      | Found Ohaixt's Antique Armour Shoppe.
  1716 | D:3      | Slain by a gnoll

Illustrated notes

Levels and vault maps discovered:
D:1:      lemuel_arrival_hallway, layout_rooms, serial_shops,
          nicolae_shop_stone, hex_intersection, st_stairs_5
D:2:      layout_loops_ring, hangedman_abyss_or_decor_stabs
D:3:      layout_basic, serial_shops, shop_fountains, gammafunk_ghost_smash

Skill      XL: |  1  2  3  4 |
---------------+-------------+-----
Long Blades    | 3 4 |  4.6
Air Magic      | 1 2 |  2.1
Fighting       | |  2.0
Throwing       | |  1.0
Armour         | |  1.1
Dodging        | |  2.1
Spellcasting   | |  2.0
Translocations | |  2.4

Action                   |  1- 3 |  4- 6 || total
-------------------------+-------+-------++-------
Melee: Falchion          |    93 |    28 ||   121
       Kick              |    16 |     9 ||    25
       Peck              |    13 |     2 ||    15
       Punch             |     2 |       ||     2
 Cast: Blink             |     1 |       ||     1
  Use: Potion            |     1 |       ||     1
Armor: Leather armour    |    36 |       ||    36
       Scale mail        |     2 |    13 ||    15
Dodge: Dodged            |    58 |    12 ||    70

Table legend: (Time is in decaauts)
 A = Elapsed time spent in this place.
 B = Non-inter-level travel time spent in this place.
 C = Inter-level travel time spent in this place.
 D = Time resting spent in this place.
 E = Time spent auto-exploring this place.
 F = Levels seen in this place.
 G = Mean time per level.
                   A        B        C        D        E       F      G
               +--------+--------+--------+--------+--------+-----+--------+
         Total |   1729 |   1668 |     61 |    400 |    907 |   3 |  576.3 |
       Dungeon |   1729 |   1668 |     61 |    400 |    907 |   3 |  576.3 |
               +--------+--------+--------+--------+--------+-----+--------+

Top non-repeatable levels by time:
     D:1: 943 daAuts
     D:2: 784 daAuts
     D:3: 1 daAuts
